[ AOE2 MATCH · #486365688 ]
UnrankedPoles vs Bohemians
Player's team · WIN
Rival team · LOSS
[ REPLAY ANALYSIS · EXTRACTED FROM THE RECORDED GAME ]
Feudal
10:29
Castle
27:28
Imperial
—
| APM avg | 49.1 |
| APM peak | 87 |
| eAPM avg | 25.3 |
| Villagers / military | 65 / 16 |
Focus
⚔️ 38.2% · 🌾 61.8%
Archer ×8 · Knight ×8
Feudal
13:34
Castle
21:26
Imperial
—
| APM avg | 30.4 |
| APM peak | 51 |
| eAPM avg | 18.7 |
| Villagers / military | 61 / 4 |
Focus
⚔️ 24.8% · 🌾 75.2%
Fishing Ship ×6 · Hussite Wagon ×3 · Mangonel ×1
Match map
Initial resources + every placement click. Lines = walls · curves = elevation contours. ◆ gold · ⬟ stone · ● berries · ✦ relic · ◌ wall gap
Your base· ✓ Closed at 27:28 · 56t walls · 2 gate(s)
Ornlu's base· Open — unwalled flank
Smoothed initial terrain · ◌ = detected wall gap · hover for details
Inputs per minute
— Champi Warrior - - Ornlu
Build order — Champi Warrior
First 150 of 198 actions detected
| 0:01 | Create | Villager (Male) |
| 0:01 | Create | Villager (Male) |
| 0:02 | Create | Villager (Male) |
| 0:02 | Create | Villager (Male) |
| 0:03 | Build | House |
| 0:13 | Research | Loom |
| 0:13 | Research | Loom |
| 0:53 | Create | Villager (Male) |
| 0:53 | Create | Villager (Male) |
| 0:54 | Create | Villager (Male) |
| 0:54 | Create | Villager (Male) |
| 1:27 | Build | House |
| 2:00 | Build | Palisade Wall |
| 2:04 | Create | Villager (Male) |
| 2:04 | Create | Villager (Male) |
| 2:09 | Build | Palisade Wall |
| 2:19 | Build | House |
| 2:27 | Build | Palisade Wall |
| 2:28 | Build | Palisade Wall |
| 2:33 | Create | Villager (Male) |
| 2:33 | Create | Villager (Male) |
| 2:50 | Build | Palisade Wall |
| 3:04 | Create | Villager (Male) |
| 3:17 | Create | Villager (Male) |
| 3:26 | Build | Palisade Wall |
| 3:34 | Build | Palisade Wall |
| 3:39 | Create | Villager (Male) |
| 3:39 | Create | Villager (Male) |
| 3:51 | Build | Lumber Camp |
| 3:54 | Create | Villager (Male) |
| 4:27 | Create | Villager (Male) |
| 4:40 | Create | Villager (Male) |
| 4:40 | Create | Villager (Male) |
| 4:52 | Build | House |
| 5:11 | Create | Villager (Male) |
| 5:36 | Create | Villager (Male) |
| 5:44 | Create | Villager (Male) |
| 5:44 | Create | Villager (Male) |
| 6:18 | Build | Mill |
| 6:30 | Create | Villager (Male) |
| 6:30 | Create | Villager (Male) |
| 7:20 | Build | Palisade Wall |
| 7:22 | Build | Palisade Wall |
| 7:30 | Create | Villager (Male) |
| 8:19 | Research | Feudal Age |
| 8:32 | Build | Mining Camp |
| 9:25 | Build | House |
| 10:17 | Create | Villager (Male) |
| 10:29 | Age | Feudal Age |
| 10:30 | Build | Watch Tower |
| 10:31 | Build | Stone Wall |
| 10:32 | Build | Stone Wall |
| 10:34 | Build | Stone Wall |
| 10:35 | Build | Stone Wall |
| 10:38 | Build | Stone Wall |
| 10:39 | Build | Stone Wall |
| 10:55 | Create | Villager (Male) |
| 11:11 | Build | Watch Tower |
| 11:17 | Create | Villager (Male) |
| 11:21 | Build | Palisade Wall |
| 11:58 | Create | Villager (Male) |
| 11:58 | Create | Villager (Male) |
| 12:10 | Build | Watch Tower |
| 12:20 | Build | Palisade Wall |
| 12:22 | Build | Palisade Wall |
| 12:23 | Build | Palisade Wall |
| 12:28 | Create | Villager (Male) |
| 12:36 | Build | Palisade Wall |
| 12:37 | Build | Palisade Wall |
| 12:38 | Build | Palisade Wall |
| 12:40 | Build | Palisade Wall |
| 12:41 | Build | Palisade Wall |
| 12:43 | Build | Palisade Wall |
| 12:50 | Build | Palisade Wall |
| 12:54 | Create | Villager (Male) |
| 12:54 | Create | Villager (Male) |
| 13:10 | Build | Palisade Wall |
| 13:10 | Build | Palisade Wall |
| 13:11 | Build | Palisade Wall |
| 13:24 | Create | Villager (Male) |
| 13:53 | Build | Watch Tower |
| 13:58 | Research | Double-Bit Axe |
| 14:06 | Build | Palisade Gate |
| 14:17 | Create | Villager (Male) |
| 14:22 | Build | House |
| 14:31 | Build | Palisade Wall |
| 14:32 | Build | Palisade Wall |
| 14:32 | Build | Palisade Wall |
| 14:43 | Build | House |
| 14:51 | Create | Villager (Male) |
| 15:23 | Build | Watch Tower |
| 15:38 | Create | Villager (Male) |
| 16:09 | Create | Villager (Male) |
| 16:13 | Create | Villager (Male) |
| 16:15 | Research | Horse Collar |
| 16:18 | Build | Farm |
| 16:27 | Build | Watch Tower |
| 16:31 | Build | Stone Wall |
| 16:33 | Build | Palisade Wall |
| 16:39 | Build | Palisade Wall |
| 16:40 | Build | Palisade Wall |
| 16:41 | Create | Villager (Male) |
| 16:48 | Build | Barracks |
| 16:55 | Create | Villager (Male) |
| 16:55 | Create | Villager (Male) |
| 17:14 | Build | Stone Wall |
| 17:15 | Build | Stone Wall |
| 17:17 | Build | Stone Wall |
| 17:18 | Build | Stone Wall |
| 17:26 | Create | Villager (Male) |
| 17:33 | Create | Villager (Male) |
| 17:37 | Build | Palisade Wall |
| 17:47 | Build | House |
| 17:58 | Create | Villager (Male) |
| 18:29 | Create | Villager (Male) |
| 18:41 | Create | Villager (Male) |
| 18:55 | Create | Villager (Male) |
| 19:09 | Build | Archery Range |
| 19:11 | Build | Farm |
| 19:12 | Build | Farm |
| 19:12 | Build | Farm |
| 19:14 | Build | Watch Tower |
| 19:15 | Create | Villager (Male) |
| 19:38 | Create | Villager (Male) |
| 19:40 | Build | Blacksmith |
| 19:44 | Build | Stone Wall |
| 19:45 | Build | Stone Wall |
| 19:57 | Build | Farm |
| 20:06 | Build | Stone Wall |
| 20:14 | Build | Mill |
| 20:25 | Create | Villager (Male) |
| 20:27 | Research | Fletching |
| 20:29 | Build | House |
| 20:39 | Create | Archer |
| 20:40 | Create | Archer |
| 20:41 | Build | Market |
| 20:52 | Build | Palisade Wall |
| 20:57 | Create | Villager (Male) |
| 21:02 | Create | Archer |
| 21:16 | Create | Villager (Male) |
| 21:20 | Build | Farm |
| 21:20 | Build | Farm |
| 21:50 | Create | Villager (Male) |
| 21:51 | Build | Farm |
| 21:53 | Build | Farm |
| 21:54 | Build | Farm |
| 22:08 | Build | Watch Tower |
| 22:21 | Create | Archer |
| 22:25 | Create | Villager (Male) |
| 22:27 | Build | Farm |
Build order — Ornlu
116 actions detected in the replay
| 0:01 | Create | Villager (Male) |
| 0:01 | Create | Villager (Male) |
| 0:01 | Create | Villager (Male) |
| 0:02 | Build | House |
| 0:03 | Build | House |
| 0:12 | Create | Villager (Male) |
| 0:12 | Create | Villager (Male) |
| 1:27 | Create | Villager (Male) |
| 1:27 | Create | Villager (Male) |
| 1:45 | Build | Lumber Camp |
| 2:01 | Create | Villager (Male) |
| 2:01 | Create | Villager (Male) |
| 2:14 | Create | Villager (Male) |
| 2:14 | Create | Villager (Male) |
| 2:49 | Create | Villager (Male) |
| 3:07 | Create | Villager (Male) |
| 3:07 | Create | Villager (Male) |
| 3:38 | Create | Villager (Male) |
| 3:55 | Create | Villager (Male) |
| 3:55 | Create | Villager (Male) |
| 4:17 | Build | Dock |
| 4:27 | Build | House |
| 4:29 | Create | Villager (Male) |
| 4:29 | Create | Villager (Male) |
| 4:33 | Build | Palisade Wall |
| 4:35 | Build | Palisade Wall |
| 4:51 | Create | Villager (Male) |
| 4:51 | Create | Villager (Male) |
| 5:20 | Create | Villager (Male) |
| 5:37 | Create | Villager (Male) |
| 5:37 | Create | Villager (Male) |
| 5:39 | Build | Mill |
| 6:12 | Research | Loom |
| 6:19 | Create | Fishing Ship |
| 6:41 | Create | Villager (Male) |
| 6:44 | Build | House |
| 6:56 | Create | Fishing Ship |
| 6:58 | Create | Villager (Male) |
| 6:58 | Create | Villager (Male) |
| 7:41 | Create | Fishing Ship |
| 7:45 | Create | Villager (Male) |
| 7:45 | Create | Villager (Male) |
| 8:07 | Create | Villager (Male) |
| 8:12 | Build | House |
| 8:13 | Create | Fishing Ship |
| 8:21 | Create | Villager (Male) |
| 8:22 | Create | Villager (Male) |
| 8:47 | Build | Farm |
| 8:49 | Build | Farm |
| 8:50 | Create | Villager (Male) |
| 9:08 | Build | House |
| 9:09 | Create | Villager (Male) |
| 9:32 | Build | Farm |
| 9:33 | Create | Villager (Male) |
| 9:45 | Build | Mining Camp |
| 10:18 | Create | Villager (Male) |
| 10:21 | Build | Farm |
| 10:22 | Create | Fishing Ship |
| 10:47 | Create | Villager (Male) |
| 10:50 | Build | Farm |
| 10:54 | Build | House |
| 11:21 | Build | Farm |
| 11:24 | Research | Feudal Age |
| 12:30 | Create | Villager (Male) |
| 12:32 | Build | Lumber Camp |
| 13:34 | Age | Feudal Age |
| 13:42 | Create | Villager (Male) |
| 14:12 | Create | Villager (Male) |
| 14:20 | Build | Watch Tower |
| 14:33 | Create | Villager (Male) |
| 14:44 | Build | Mining Camp |
| 15:12 | Create | Villager (Male) |
| 15:24 | Build | House |
| 15:42 | Build | Market |
| 16:10 | Create | Villager (Male) |
| 16:18 | Build | Fish Trap |
| 16:20 | Build | Blacksmith |
| 16:29 | Build | Watch Tower |
| 16:45 | Create | Villager (Male) |
| 16:47 | Build | Fish Trap |
| 17:22 | Create | Villager (Male) |
| 18:46 | Research | Castle Age |
| 18:46 | Research | Castle Age |
| 19:11 | Build | Fish Trap |
| 19:13 | Build | Fish Trap |
| 19:53 | Create | Villager (Male) |
| 20:53 | Build | House |
| 21:26 | Age | Castle Age |
| 21:26 | Build | Lumber Camp |
| 21:32 | Build | Castle |
| 22:02 | Create | Villager (Male) |
| 22:19 | Create | Villager (Male) |
| 22:41 | Create | Fishing Ship |
| 23:05 | Create | Hussite Wagon |
| 23:16 | Create | Villager (Male) |
| 23:18 | Build | Fish Trap |
| 23:48 | Create | Villager (Male) |
| 23:48 | Create | Villager (Male) |
| 23:48 | Create | Villager (Male) |
| 23:48 | Create | Villager (Male) |
| 23:55 | Build | Siege Workshop |
| 24:09 | Create | Villager (Male) |
| 24:34 | Create | Villager (Male) |
| 25:07 | Create | Hussite Wagon |
| 25:19 | Research | Double-Bit Axe |
| 25:20 | Research | Double-Bit Axe |
| 25:57 | Create | Villager (Male) |
| 26:21 | Create | Mangonel |
| 26:41 | Create | Villager (Male) |
| 26:53 | Create | Villager (Male) |
| 27:30 | Create | Villager (Male) |
| 27:35 | Create | Villager (Male) |
| 27:48 | Build | Monastery |
| 28:19 | Build | Mining Camp |
| 28:38 | Create | Villager (Male) |
| 28:52 | Create | Hussite Wagon |
Match timeline
| 2:00 | Champi Warrior · wall_segment Palisade Wall x1 |
| 2:09 | Champi Warrior · wall_segment Palisade Wall x3 |
| 2:27 | Champi Warrior · wall_segment Palisade Wall x1 |
| 2:28 | Champi Warrior · wall_segment Palisade Wall x1 |
| 2:50 | Champi Warrior · wall_segment Palisade Wall x1 |
| 3:26 | Champi Warrior · wall_segment Palisade Wall x1 |
| 3:34 | Champi Warrior · wall_segment Palisade Wall x1 |
| 4:17 | Ornlu · first_building Dock |
| 4:33 | Ornlu · wall_segment Palisade Wall x1 |
| 4:35 | Ornlu · wall_segment Palisade Wall x1 |
| 7:20 | Champi Warrior · wall_segment Palisade Wall x1 |
| 7:22 | Champi Warrior · wall_segment Palisade Wall x1 |
| 10:29 | Champi Warrior · age_up feudal |
| 10:31 | Champi Warrior · wall_segment Stone Wall x1 |
| 10:32 | Champi Warrior · wall_segment Stone Wall x1 |
| 10:34 | Champi Warrior · wall_segment Stone Wall x1 |
| 10:35 | Champi Warrior · wall_segment Stone Wall x1 |
| 10:38 | Champi Warrior · wall_segment Stone Wall x1 |
| 10:39 | Champi Warrior · wall_segment Stone Wall x1 |
| 11:21 | Champi Warrior · wall_segment Palisade Wall x1 |
| 12:20 | Champi Warrior · wall_segment Palisade Wall x1 |
| 12:22 | Champi Warrior · wall_segment Palisade Wall x1 |
| 12:23 | Champi Warrior · wall_segment Palisade Wall x1 |
| 12:36 | Champi Warrior · wall_segment Palisade Wall x1 |
| 12:37 | Champi Warrior · wall_segment Palisade Wall x1 |
| 12:38 | Champi Warrior · wall_segment Palisade Wall x1 |
| 12:40 | Champi Warrior · wall_segment Palisade Wall x1 |
| 12:41 | Champi Warrior · wall_segment Palisade Wall x1 |
| 12:43 | Champi Warrior · wall_segment Palisade Wall x1 |
| 12:50 | Champi Warrior · wall_segment Palisade Wall x1 |
| 13:10 | Champi Warrior · wall_segment Palisade Wall x1 |
| 13:10 | Champi Warrior · wall_segment Palisade Wall x1 |
| 13:11 | Champi Warrior · wall_segment Palisade Wall x1 |
| 13:34 | Ornlu · age_up feudal |
| 14:31 | Champi Warrior · wall_segment Palisade Wall x1 |
| 14:32 | Champi Warrior · wall_segment Palisade Wall x1 |
| 14:32 | Champi Warrior · wall_segment Palisade Wall x1 |
| 16:31 | Champi Warrior · wall_segment Stone Wall x1 |
| 16:33 | Champi Warrior · wall_segment Palisade Wall x1 |
| 16:39 | Champi Warrior · wall_segment Palisade Wall x1 |
| 16:40 | Champi Warrior · wall_segment Palisade Wall x1 |
| 16:48 | Champi Warrior · first_building Barracks |
| 17:14 | Champi Warrior · wall_segment Stone Wall x1 |
| 17:15 | Champi Warrior · wall_segment Stone Wall x1 |
| 17:17 | Champi Warrior · wall_segment Stone Wall x1 |
| 17:18 | Champi Warrior · wall_segment Stone Wall x1 |
| 17:37 | Champi Warrior · wall_segment Palisade Wall x1 |
| 17:47 | Ornlu · first_market_sell 500 wood |
| 17:48 | Ornlu · first_market_buy 100 food |
| 19:09 | Champi Warrior · first_building Archery Range |
| 19:44 | Champi Warrior · wall_segment Stone Wall x1 |
| 19:45 | Champi Warrior · wall_segment Stone Wall x1 |
| 20:06 | Champi Warrior · wall_segment Stone Wall x1 |
| 20:52 | Champi Warrior · wall_segment Palisade Wall x1 |
| 21:26 | Ornlu · age_up castle |
| 21:32 | Ornlu · first_building Castle |
| 23:06 | Champi Warrior · wall_segment Stone Wall x9 |
| 23:26 | Champi Warrior · wall_segment Palisade Wall x1 |
| 23:28 | Champi Warrior · wall_segment Palisade Wall x1 |
| 23:29 | Champi Warrior · wall_segment Palisade Wall x1 |
| 23:55 | Ornlu · first_building Siege Workshop |
| 24:37 | Champi Warrior · first_market_buy 100 food |
| 25:40 | Champi Warrior · first_building Stable |
| 27:28 | Champi Warrior · age_up castle |
| 27:48 | Ornlu · first_building Monastery |
| 29:22 | Ornlu · resign |
[ AI ANALYSIS · 1 CREDIT ]
What really happened in this match?
Wolo.gg analyzes every decision: build order, eco, micro, common mistakes by bracket. Personalized analysis on WhatsApp or Discord in 30 seconds.
Civ guide
Poles
Perfil
Jugador #4358030